 Dungeon Crawl Stone Soup version 0.31-a0-524-g2a164cf6a2 (webtiles) character file.

Game seed: 1069564148030028432

163 AdnanSaban the Trooper (level 5, -5/33 HPs)
             Began as a Gargoyle Fighter on Aug 12, 2023.
             Killed by divine providence
             ... invoked by an orc priest
              (13 damage)
             ... on level 3 of the Dungeon.
             The game lasted 00:01:55 (2065 turns).

AdnanSaban the Trooper (Gargoyle Fighter)           Turns: 2065, Time: 00:01:55

Health: -5/33      AC: 17    Str: 21    XL:     5   Next: 44%
Magic:  5/5        EV:  6    Int:  9    God:
Gold:   109        SH:  4    Dex:  9    Spells: 4/4 levels left

rFire   . . .        n - +2 whip (elec)
rCold   . . .        c - +0 buckler
rNeg    + . .        f - +0 plate armour
rPois   ∞            (no helmet)
rElec   +            i - +0 cloak
rCorr   .            (no gloves)
SInv    .            (no boots)
Will    .....        (no amulet) Stlth
                     (no ring)
HPRegen 0.25/turn    (no ring)
MPRegen 0.09/turn

%: no passive effects
@: no status effects
A: sickness immunity, AC +4, negative energy resistance 1, electricity
resistance, torment resistance 1, petrification resistance
a: no special abilities


You were on level 3 of the Dungeon.
You visited 1 branch of the dungeon, and saw 4 of its levels.

You collected 109 gold pieces.

Inventory:

Hand Weapons
 n - a +2 whip of electrocution (weapon)
Armour
 c - a +0 buckler (worn)
 f - a +0 plate armour (worn)
 i - a +0 cloak (worn)
Jewellery
 h - a ring of ice
Scrolls
 a - a scroll of enchant armour {unknown}
 b - 3 scrolls of enchant weapon {unknown}
 e - a scroll of noise {unknown}
 k - 3 scrolls of identify {unknown}
 l - a scroll of immolation {unknown}
 m - a scroll of teleportation {unknown}
Potions
 d - 2 potions of might
 g - 4 potions of curing {unknown}
 j - 2 potions of degeneration {unknown}
 o - 2 potions of resistance {unknown}


   Skills:
 + Level 4.1 Fighting
 + Level 4.0 Maces & Flails
 + Level 4.0 Armour
 + Level 0.2 Stealth
 + Level 3.8 Shields


You had 4 spell levels left.
You didn't know any spells.
Your spell library contained the following spells:

 Spells                   Type           Power      Damage    Failure   Level
 Necrotise                Necr           0%         1d4       100%        1
 Sting                    Tmut/Pois      0%         1d3       100%        1
 Poisonous Vapours        Pois/Air       0%         N/A       100%        2
 Vampiric Draining        Necr           0%         2d6       100%        3
 Olgreb's Toxic Radiance  Pois           0%         N/A       100%        4
 Agony                    Necr           0%         N/A       100%        5


Dungeon Overview and Level Annotations

Branches:
Dungeon (4/15)
 Temple: D:4-7

Altars:
Trog


Innate Abilities, Weirdness & Mutations

You are immune to sickness and miasma.
Your stone body is resilient. (AC +4)
You are immune to poison.
You resist negative energy. (rN+)
You are resistant to electric shocks. (rElec)
You are resistant to unholy torment.
You are immune to petrification.


Message History

You block the orc's attack.
You hit the orc but do no damage. You hit the orc.
The orc is almost dead.
The orc hits you with a +0 trident.
You are too injured to fight recklessly!
You are too injured to fight recklessly!
You are too injured to fight recklessly!
You are too injured to fight recklessly!
You are too injured to fight recklessly!
You are too injured to fight recklessly!
You are too injured to fight recklessly!
You are too injured to fight recklessly!
You are too injured to fight recklessly!
You are too injured to fight recklessly!
You are too injured to fight recklessly!
You are too injured to fight recklessly!
You are too injured to fight recklessly!
You are too injured to fight recklessly!
You are too injured to fight recklessly!
You are too injured to fight recklessly!
You are too injured to fight recklessly!
Unknown command.
The orc priest closely misses you. The orc hits you but does no damage.
The orc priest attacks as you move away!
The orc priest hits you but does no damage.
The orc priest closely misses you.
The orc priest invokes the aid of Beogh against you.
Beogh smites you!
* * * LOW HITPOINT WARNING * * *
The orc barely misses you.
There is a stone staircase leading up here.
The orc hits you but does no damage.
You climb upwards.
There is a stone staircase leading down here.
You hit the orc priest.
The orc priest is lightly wounded.
The orc priest calls down the wrath of Beogh upon you.
Beogh smites you!
You die...

..+##+.#._.#.+##+.........#
..#..#.#...#.#..##.########
..#..#.'...+.#..##.#
..+..'###+###'..'..#
..#..#.......#..####
..#..#.......#..#
..###'###'###'###
..........# #..o##
##......### ##..@# #......#
##### #......# #......#
#......# #......# #......#
########


You could see an orc priest.

Vanquished Creatures
  A hound (D:4)
  3 gnolls (D:3)
  3 adders
  A worm (D:2)
  A dart slug (D:1)
  2 orcs (D:3)
  5 bats
  5 endoplasms
  2 giant cockroaches (D:2)
  6 goblins
  5 hobgoblins
  3 jackals (D:2)
  2 quokkas
  4 ball pythons
  2 frilled lizards
  12 kobolds
  7 rats
64 creatures vanquished.

Notes
Turn   | Place    | Note
-------+----------+-------------------------------------------
     0 | D:1      | AdnanSaban the Gargoyle Fighter began the quest for the
                  | Orb.
     0 | D:1      | Reached XP level 1. HP: 14/14 MP: 1/1
   127 | D:1      | Reached XP level 2. HP: 16/19 MP: 2/2
   737 | D:2      | Reached XP level 3. HP: 23/23 MP: 3/3
  1345 | D:3      | Reached XP level 4. HP: 29/29 MP: 4/4
  1660 | D:3      | Found a bloodstained altar of Trog.
  1866 | D:4      | Reached XP level 5. HP: 26/33 MP: 5/5
  2065 | D:3      | Killed from afar by an orc priest

Illustrated notes

Levels and vault maps discovered:
D:1:      minmay_arrival_semitransparent, layout_loops_ring,
          minmay_misc_feat_diagonals, minmay_misc_feat_cross
D:2:      layout_rooms
D:3:      layout_basic, mainiacjoe_overflow_24_doors
D:4:      layout_loops_corners, lightli_corner_chamber, uniq_eustachio

Skill      XL: |  1  2  3  4  5 |
---------------+----------------+-----
Maces & Flails | 3 4 |  4.0
Fighting       | 4 |  4.1
Armour         | 4 |  4.0
Stealth        | |  0.2
Shields        | |  3.8

Action                     |  1- 3 |  4- 6 || total
---------------------------+-------+-------++-------
  Melee: Flail             |   144 |    13 ||   157
         Whip              |       |    64 ||    64
 Armour: Scale mail        |    15 |       ||    15
         Plate armour      |   122 |    48 ||   170
  Dodge: Dodged            |    51 |    18 ||    69
  Block: Buckler           |    30 |    15 ||    45

Table legend: (Time is in decaauts)
 A = Elapsed time spent in this place.
 B = Non-inter-level travel time spent in this place.
 C = Inter-level travel time spent in this place.
 D = Time resting spent in this place.
 E = Time spent auto-exploring this place.
 F = Levels seen in this place.
 G = Mean time per level.
                   A        B        C        D        E       F      G
               +--------+--------+--------+--------+--------+-----+--------+
         Total |   2110 |   2086 |     24 |      0 |   1574 |   4 |  527.5 |
       Dungeon |   2110 |   2086 |     24 |      0 |   1574 |   4 |  527.5 |
               +--------+--------+--------+--------+--------+-----+--------+

Top non-repeatable levels by time:
     D:1: 739 daAuts
     D:3: 668 daAuts
     D:2: 500 daAuts
     D:4: 202 daAuts
